AoeStats
← NoDdy

Fortress

509181009Analyzed
2v2 RM · 5d ago on Sep 25, 2026· 71m 32s· 4 players
Game mode
Random Map
Map size
Normal (6 player)
Population
200
Speed
Normal
Resources
Standard
Victory
Conquest
Starting age
Dark Age
Ending age
Imperial Age
RankedLock teamsTeams togetherTeam positionsShared explorationLock speedFull tech treeHidden civsTurbo modeCheats
Victory
Defeat
🇮🇹 Khmer · Italy
836
+11
🇮🇹 Turks · Italy
733
+15
🇬🇧 Khmer · United Kingdom
766
-14
🇬🇧 Huns · United Kingdom
685
-12
Artful
2:24 Loom
11:14 Feudal Age
12:34 Wheelbarrow
13:16 Scale Barding Armor
13:22 Forging
13:19 Horse Collar
14:35 Bloodlines
14:36 Gold Mining
14:47 Double-Bit Axe
19:08 Castle Age
19:03 Stone Mining
20:05 Husbandry
22:31 Caravan
23:28 Bow Saw
23:36 Hand Cart
24:11 Chain Barding Armor
24:42 Gold Shaft Mining
25:32 Iron Casting
28:01 Imperial Age
28:04 Cavalier
29:08 Conscription
29:25 Plate Barding Armor
30:56 Blast Furnace
30:15 Heavy Plow
30:54 Paladin
33:08 Two-Man Saw
NoDdy
11:35 Feudal Age
14:42 Castle Age
16:31 Double-Bit Axe
16:30 Horse Collar
16:42 Gold Mining
20:00 Stone Mining
20:59 Bow Saw
20:55 Heavy Plow
21:41 Gold Shaft Mining
23:28 Wheelbarrow
25:08 Ballistics
24:44 Murder Holes
24:49 Town Watch
25:53 Stone Shaft Mining
26:35 Hand Cart
30:55 Imperial Age
29:38 Fortified Wall
32:15 Double Crossbow
33:38 Hoardings
33:24 Conscription
34:17 Loom
34:32 Town Patrol
35:19 Husbandry
34:39 Cavalier
35:56 Heavy Scorpion
45:40 Bloodlines
47:02 Scale Barding Armor
46:22 Light Cavalry
62:21 Capped Ram
63:26 Siege Ram
67:55 Chemistry
67:01 Siege Engineers
ARGON32
10:40 Feudal Age
11:24 Horse Collar
15:07 Castle Age
14:19 Double-Bit Axe
15:48 Wheelbarrow
14:56 Horse Collar
15:12 Gold Mining
16:18 Fletching
22:47 Squires
23:22 Bodkin Arrow
27:52 Sipahi
28:06 Ballistics
27:44 Loom
32:48 Imperial Age
30:37 Hand Cart
31:41 Husbandry
32:32 Padded Archer Armor
34:08 Caravan
35:14 Hoardings
36:51 Elite Janissary
38:12 Artillery
38:46 Bloodlines
38:50 Forging
38:46 Scale Barding Armor
38:47 Murder Holes
39:15 Heavy Camel Rider
45:50 Fortified Wall
49:26 Iron Casting
52:15 Bombard Tower
freakon
8:13 Feudal Age
12:56 Castle Age
11:03 Double-Bit Axe
11:00 Horse Collar
11:35 Gold Mining
15:50 Wheelbarrow
15:39 Scale Barding Armor
15:46 Forging
16:02 Town Watch
16:49 Hand Cart
17:38 Chain Barding Armor
17:56 Iron Casting
17:33 Town Watch
21:03 Bloodlines
20:54 Husbandry
22:59 Heavy Plow
26:58 Imperial Age
25:03 Caravan
28:36 Double Crossbow
28:17 Elite Ballista Elephant
30:27 Conscription
31:25 Light Cavalry
33:24 Plate Barding Armor
33:51 Blast Furnace
34:03 Town Patrol
34:34 Ballistics
36:08 Chemistry
37:04 Tusk Swords
36:54 Heavy Scorpion
40:02 Siege Engineers
39:53 Murder Holes
39:30 Elite Battle Elephant
45:21 Pikeman
46:08 Scale Mail Armor
46:08 Padded Archer Armor
46:49 Halberdier
49:28 Chain Mail Armor
50:26 Hoardings
64:19 Masonry
64:20 Fortified Wall
67:42 Architecture
Connection lost

Rejoining the realm…

Still unreachable

The connection could not be restored.

Session expired

The server has moved on; the page needs a fresh start.